[Event "FIDE World Rapid-ch Open 2018"]
[White "Kamsky, Gata"]
[Black "Oparin, Grigoriy"]
[Site "St. Petersburg"]
[Round "5.5"]
[Annotator "RC"]
[Result "1/2-1/2"]
[Date "2018.12.26"]
[WhiteElo "2666"]
[BlackElo "2613"]
[PlyCount "73"]
[TimeControl "900+10"]

1. e4 e5 2. Nf3 Nc6 3. Bb5 a6 4. Ba4 Nf6 5. 0-0 Be7 6. Re1 b5 7. Bb3 d6 8. c3 0-0 9. d4 Bg4 10. d5 Na5 11. Bc2 Qc8 12. h3 Bd7 13. Bg5 c6 14. dxc6 Qxc6 15. Nbd2 h6 16. Bh4 Nc4 17. Rb1 Be6 18. Nf1 Rfe8 19. Bd3 Rad8 20. b3 Nb6 21. Rc1 Qc7 22. Bxf6 Bxf6 23. Ne3 d5 24. Qe2 dxe4 25. Bxe4 Be7 26. Qc2 Bc5 27. Ng4 Nd5 28. Ngxe5 Nf4 29. Bf5 Bd5 30. c4 bxc4 31. bxc4 Bxf3 32. Nxf3 g6 33. Be4 Re7 34. Bd5 Nxd5 35. cxd5 Rxd5 36. Rxe7 Qxe7 37. Rd1 1/2-1/2

[Event "FIDE World Rapid-ch Open 2018"]
[White "Artemiev, Vladislav"]
[Black "Firouzja, Alireza"]
[Site "St. Petersburg"]
[Round "5.7"]
[Annotator "RC"]
[Result "0-1"]
[Date "2018.12.26"]
[WhiteElo "2709"]
[BlackElo "2607"]
[PlyCount "128"]
[TimeControl "900+10"]

1. e4 e5 2. Nf3 Nf6 3. Nc3 Bb4 4. Nxe5 0-0 5. Be2 Re8 6. Nd3 Bxc3 7. dxc3 Nxe4 8. Nf4 d6 9. 0-0 Nd7 10. f3 Nef6 11. c4 Qe7 12. Rf2 Nc5 13. b3 Qe5 14. Rb1 Bd7 15. Bf1 Bc6 16. Qd2 Nfe4 17. fxe4 Nxe4 18. Qe3 Nc3 19. Qxe5 dxe5 20. Ra1 exf4 21. Bxf4 Re7 22. Bd2 Ne4 23. Bb4 Re6 24. Rf4 a5 25. Be1 b6 26. Rd1 Rae8 27. h4 h6 28. a3 Nf6 29. Bf2 Be4 30. Bd3 g5 31. hxg5 hxg5 32. Bxe4 gxf4 33. Bf3 Ne4 34. Rd7 Nxf2 35. Kxf2 R8e7 36. Rd4 Rd6 37. Bd5 Kg7 38. Rxf4 Rf6 39. g3 Kg6 40. b4 Kg5 41. Kf3 Re1 42. c5 Rf1+ 43. Ke3 R1xf4 44. gxf4+ Rxf4 45. cxb6 cxb6 46. c4 axb4 47. axb4 f5 48. Kd3 Kf6 49. Ba8 Ke5 50. Kc3 Kd6 51. Bb7 Rh4 52. Kd3 Ke5 53. Bf3 Rh3 54. Ke3 Rh2 55. c5 bxc5 56. bxc5 Rc2 57. c6 Rc3+ 58. Ke2 Kf4 59. Bh1 Rc1 60. Bd5 Ke5 61. Bf3 Kd4 62. Kd2 Rc3 63. Bh1 Rh3 64. Bg2 Rh2 0-1

[Event "FIDE World Rapid-ch Open 2018"]
[White "Bocharov, Dmitry"]
[Black "Wang, Hao"]
[Site "St. Petersburg"]
[Round "5.8"]
[Annotator "RC"]
[Result "0-1"]
[Date "2018.12.26"]
[WhiteElo "2533"]
[BlackElo "2730"]
[PlyCount "98"]
[TimeControl "900+10"]

1. Nf3 d5 2. e3 Nf6 3. c4 e6 4. b3 b6 5. Bb2 Bb7 6. Nc3 Nbd7 7. cxd5 exd5 8. d4 Bd6 9. g3 0-0 10. Bg2 Ba6 11. Ne2 Bb4+ 12. Kf1 Re8 13. Kg1 Bd6 14. Nf4 Bb7 15. Rc1 a5 16. Nd3 a4 17. Nfe5 axb3 18. axb3 Qe7 19. Bh3 Ra2 20. Nc6 Qe4 21. Rc2 h5 22. Bg2 Qf5 23. Bf3 Ng4 24. Ndb4 Rxb2 25. Rxb2 Ndf6 26. h3 Nxe3 27. fxe3 Rxe3 28. Kg2 Qg5 29. Ne5 Bxb4 30. h4 Qf5 31. Re2 Rc3 32. Qa1 Rxb3 33. Qa4 Rxf3 34. Qxb4 Ba6 35. Nxf3 Bxe2 36. Qc3 Qe4 37. Ra1 Ng4 38. Ra3 g6 39. Kg1 Bxf3 40. Qxf3 Qxd4+ 41. Kg2 Qb2+ 42. Kg1 Qc1+ 43. Kg2 Qd2+ 44. Kg1 Qd4+ 45. Kg2 Ne5 46. Ra8+ Kg7 47. Qa3 Qe4+ 48. Kg1 Qe1+ 49. Kg2 Qe2+ 0-1

[Event "FIDE World Rapid-ch Open 2018"]
[White "Harikrishna, Pentala"]
[Black "Fridman, Daniel"]
[Site "St. Petersburg"]
[Round "5.10"]
[Annotator "RC"]
[Result "1/2-1/2"]
[Date "2018.12.26"]
[WhiteElo "2725"]
[BlackElo "2633"]
[PlyCount "78"]
[TimeControl "900+10"]

1. c4 e6 2. Nf3 d5 3. g3 Nf6 4. Bg2 d4 5. 0-0 c5 6. e3 Nc6 7. exd4 cxd4 8. d3 Bd6 9. Na3 0-0 10. Re1 e5 11. c5 Bc7 12. Nc4 Nd7 13. Bd2 Nxc5 14. Ncxe5 Nxe5 15. Nxe5 Bxe5 16. Rxe5 Nxd3 17. Bg5 Qc7 18. Rd5 Nb4 19. Rxd4 Nc6 20. Rd6 Be6 21. b3 h6 22. Bf4 Rfd8 23. Rxd8+ Qxd8 24. Be3 Qa5 25. Qe1 Qxe1+ 26. Rxe1 Rd8 27. Bxc6 bxc6 28. f3 a5 29. Rc1 a4 30. bxa4 Ra8 31. a3 Rxa4 32. Bc5 f6 33. Kf2 Kf7 34. Bb4 Bd5 35. Re1 Be6 36. f4 Ra8 37. Rc1 Bd5 38. Re1 Be6 39. Rc1 Bd5 1/2-1/2

[Event "FIDE World Rapid-ch Open 2018"]
[White "Zubov, Alexander"]
[Black "Mamedov, Rauf"]
[Site "St. Petersburg"]
[Round "5.12"]
[Annotator "RC"]
[Result "1-0"]
[Date "2018.12.26"]
[WhiteElo "2597"]
[BlackElo "2703"]
[PlyCount "77"]
[TimeControl "900+10"]

1. d4 Nf6 2. c4 g6 3. Nc3 Bg7 4. Bg5 0-0 5. e3 c5 6. Bxf6 exf6 7. dxc5 f5 8. Nge2 Qa5 9. Qd2 Qxc5 10. Nf4 Nc6 11. Rc1 d6 12. Nfd5 Qa5 13. Be2 Be6 14. b3 Rfe8 15. Nb5 Qxd2+ 16. Kxd2 Red8 17. Nbc7 Rac8 18. Rhd1 Kf8 19. Ke1 a6 20. f4 Bd7 21. Rd2 Nb8 22. Na8 Be6 23. Nab6 Rc6 24. Kf2 a5 25. Bf3 Na6 26. Na4 Nc5 27. Nac3 Bxd5 28. Nxd5 Rcc8 29. Nb6 Rc7 30. Rcd1 Re8 31. Rxd6 Rce7 32. Nd5 Re6 33. Nc7 Rxd6 34. Rxd6 Rc8 35. Nd5 Bb2 36. Ke2 Re8 37. Rb6 Bc1 38. Rb5 Ba3 39. Rxa5 1-0

[Event "FIDE World Rapid-ch Open 2018"]
[White "Guseinov, Gadir"]
[Black "Shirov, Alexei"]
[Site "St. Petersburg"]
[Round "5.14"]
[Annotator "RC"]
[Result "1/2-1/2"]
[Date "2018.12.26"]
[WhiteElo "2664"]
[BlackElo "2643"]
[PlyCount "67"]
[TimeControl "900+10"]

1. e4 e5 2. Nf3 Nc6 3. Bb5 a6 4. Bxc6 dxc6 5. 0-0 f6 6. d4 Bg4 7. c3 Bd6 8. Nbd2 Ne7 9. h3 Bh5 10. dxe5 Bxe5 11. Nc4 Qxd1 12. Rxd1 Bxf3 13. gxf3 Ng6 14. Be3 b6 15. Kf1 Ke7 16. Rd2 Rad8 17. Nxe5 Nxe5 18. Ke2 Nc4 19. Rxd8 Rxd8 20. Rg1 g6 21. b3 Nd6 22. h4 Ke6 23. Bf4 f5 24. Bxd6 cxd6 25. h5 Kf6 26. hxg6 hxg6 27. Rh1 d5 28. Rh7 dxe4 29. fxe4 Re8 30. Rb7 Rxe4+ 31. Kf1 b5 32. Rb6 Re6 33. Rxa6 g5 34. a4 1/2-1/2

[Event "FIDE World Rapid-ch Open 2018"]
[White "Vitiugov, Nikita"]
[Black "Jakovenko, Dmitry"]
[Site "St. Petersburg"]
[Round "5.15"]
[Annotator "RC"]
[Result "1-0"]
[Date "2018.12.26"]
[WhiteElo "2719"]
[BlackElo "2735"]
[PlyCount "127"]
[TimeControl "900+10"]

1. e4 e5 2. Nf3 Nc6 3. Bc4 Bc5 4. c3 Nf6 5. d4 exd4 6. e5 d5 7. Be2 Ne4 8. cxd4 Bb4+ 9. Bd2 Nxd2 10. Nbxd2 0-0 11. 0-0 Ba5 12. Bb5 Ne7 13. Bd3 Bf5 14. Nb3 Bb6 15. Bxf5 Nxf5 16. Qd3 Qd7 17. Rac1 c6 18. Nc5 Bxc5 19. Rxc5 g6 20. Qd2 Ng7 21. Rc3 Qe7 22. h3 Ne6 23. Re1 Rae8 24. Rce3 c5 25. dxc5 Qxc5 26. Rd3 Rd8 27. Qh6 Rfe8 28. Nh2 Qf8 29. Qd2 d4 30. Ng4 Kh8 31. Nf6 Re7 32. Re4 g5 33. h4 Qh6 34. Rg3 d3 35. hxg5 Qg6 36. Rxd3 Rxd3 37. Qxd3 Rc7 38. Qd2 Rc8 39. Rh4 Rd8 40. Qc1 Nf8 41. Kh2 Kg7 42. Qc7 Rd2 43. e6 Nxe6 44. Qe5 Kf8 45. Rh6 Qc2 46. Rxh7 Rd8 47. Rh8+ Ke7 48. Rxd8 Kxd8 49. Qd6+ Kc8 50. Qd7+ Kb8 51. Qe8+ Qc8 52. Qxc8+ Kxc8 53. Ne4 Kd7 54. Kg3 Kc6 55. f4 Nd4 56. Kg4 Kd5 57. Nf6+ Ke6 58. Nh5 b5 59. Ng7+ Kd5 60. Nf5 Nc2 61. Nh6 Ke6 62. f5+ Ke7 63. Kh5 Ne3 64. g4 1-0

[Event "FIDE World Rapid-ch Open 2018"]
[White "Sjugirov, Sanan"]
[Black "Sarana, Alexey"]
[Site "St. Petersburg"]
[Round "5.17"]
[Annotator "RC"]
[Result "1-0"]
[Date "2018.12.26"]
[WhiteElo "2663"]
[BlackElo "2618"]
[PlyCount "111"]
[TimeControl "900+10"]

1. d4 Nf6 2. c4 e6 3. Nc3 Bb4 4. Qc2 0-0 5. a3 Bxc3+ 6. Qxc3 b6 7. Bg5 Bb7 8. e3 d6 9. f3 h6 10. Bh4 d5 11. cxd5 exd5 12. Bd3 Nbd7 13. Ne2 c5 14. 0-0 Qe7 15. Bf2 Rac8 16. Qd2 Rfe8 17. Rfe1 Nf8 18. Ng3 Bc6 19. Nf5 Qd7 20. Bc2 Ng6 21. dxc5 bxc5 22. b4 cxb4 23. axb4 Bb5 24. Nd4 Qb7 25. Nxb5 Qxb5 26. Ba4 Qb7 27. Bxe8 Rxe8 28. Qd4 a6 29. Rec1 Ne5 30. Bg3 Nc6 31. Qc5 Re6 32. Bd6 Na7 33. Qc7 Qxc7 34. Rxc7 Nb5 35. Rc8+ Kh7 36. Bc5 Nd7 37. Kf2 Kg6 38. Rd8 Nf6 39. Ra8 Nc7 40. Ra7 Rc6 41. Rb7 Nd7 42. Bd4 f6 43. g4 Nf8 44. f4 Rc2+ 45. Kg3 f5 46. Rb6+ Nfe6 47. Raxa6 Kf7 48. Ra7 fxg4 49. Be5 h5 50. f5 g5 51. fxe6+ Kg6 52. Rxc7 h4+ 53. Kxg4 Rg2+ 54. Kf3 h3 55. e7+ Kh5 56. e8=Q+ 1-0

[Event "FIDE World Rapid-ch Open 2018"]
[White "Gelfand, Boris"]
[Black "Novikov, Stanislav"]
[Site "St. Petersburg"]
[Round "5.18"]
[Annotator "RC"]
[Result "1-0"]
[Date "2018.12.26"]
[WhiteElo "2673"]
[BlackElo "2540"]
[PlyCount "83"]
[TimeControl "900+10"]

1. d4 g6 2. e4 Bg7 3. Nf3 c6 4. c4 d6 5. Be2 Bg4 6. 0-0 Qb6 7. Nbd2 Nf6 8. Qc2 Nfd7 9. Rd1 0-0 10. h3 Bxf3 11. Nxf3 c5 12. d5 Na6 13. Bf4 Rab8 14. Rab1 Nc7 15. a3 a6 16. b4 Qa7 17. Be3 a5 18. bxc5 Nxc5 19. Nd4 Qa8 20. f4 N7a6 21. Nb5 a4 22. Nd4 Rbc8 23. Bg4 Rcd8 24. Rb6 h5 25. Bf3 Rc8 26. Rdb1 Rc7 27. Nb5 Rcc8 28. Nc3 Nb3 29. Nxa4 Nd4 30. Qd3 Nxf3+ 31. gxf3 Rc7 32. f5 Nb8 33. R6b4 Nd7 34. Nb6 Qd8 35. Nxd7 Qxd7 36. Kh2 Kh7 37. Rg1 gxf5 38. exf5 Bf6 39. c5 dxc5 40. Rh4 Bxh4 41. f6+ Kh8 42. Rg7 1-0

[Event "FIDE World Rapid-ch Open 2018"]
[White "Alekseenko, Kirill"]
[Black "Anton Guijarro, David"]
[Site "St. Petersburg"]
[Round "5.19"]
[Annotator "RC"]
[Result "0-1"]
[Date "2018.12.26"]
[WhiteElo "2638"]
[BlackElo "2642"]
[PlyCount "106"]
[TimeControl "900+10"]

1. e4 e5 2. Nf3 Nc6 3. Bb5 a6 4. Ba4 Nf6 5. 0-0 Nxe4 6. d4 b5 7. Bb3 d5 8. dxe5 Be6 9. Be3 Be7 10. c3 0-0 11. Nbd2 Nxd2 12. Qxd2 Na5 13. Bc2 Nc4 14. Qd3 g6 15. Bc1 Qd7 16. Re1 a5 17. Nd4 a4 18. Qe2 Bg4 19. f3 Be6 20. Bd3 c5 21. Nxe6 fxe6 22. Rb1 Rab8 23. g3 Na5 24. Kg2 c4 25. Bc2 b4 26. h4 b3 27. axb3 axb3 28. Bd1 Nb7 29. Qf2 Nc5 30. Be2 Ra8 31. Be3 Qc7 32. f4 Ra2 33. Kh3 Kh8 34. Bd4 Ne4 35. Qe3 Bc5 36. Bf3 Bxd4 37. cxd4 Rd8 38. Rec1 Qc6 39. Bxe4 dxe4 40. Qxb3 Ra4 41. Qe3 Qd5 42. Rd1 Rb4 43. h5 Rb3 44. Qe2 gxh5 45. Qxh5 Rg8 46. Rg1 e3 47. Ra1 Rb7 48. Qh6 Rf7 49. Ra6 Rg6 50. Qh4 Kg7 51. Rd6 Qf3 52. Rd8 e2 53. Kh2 Qf2+ 0-1

[Event "FIDE World Rapid-ch Open 2018"]
[White "Akopian, Vladimir"]
[Black "Khanin, Semen"]
[Site "St. Petersburg"]
[Round "5.20"]
[Annotator "RC"]
[Result "1/2-1/2"]
[Date "2018.12.26"]
[WhiteElo "2650"]
[BlackElo "2514"]
[PlyCount "85"]
[TimeControl "900+10"]

1. Nf3 Nf6 2. g3 g6 3. b3 Bg7 4. Bb2 0-0 5. Bg2 d6 6. c4 e5 7. 0-0 Re8 8. d3 Nc6 9. Nbd2 a5 10. a3 Bd7 11. e3 Qc8 12. d4 exd4 13. Nxd4 Bh3 14. Nxc6 Bxg2 15. Kxg2 bxc6 16. Qf3 Ne4 17. Nxe4 Bxb2 18. Rab1 Bg7 19. Ng5 Qd7 20. b4 axb4 21. axb4 h6 22. Nh3 g5 23. Ng1 Ra2 24. h3 Re5 25. g4 f5 26. Ne2 fxg4 27. hxg4 h5 28. Nd4 hxg4 29. Qxc6 Qxc6+ 30. Nxc6 Rxe3 31. Rbe1 Rf3 32. Re8+ Rf8 33. Rxf8+ Kxf8 34. Re1 Bf6 35. Re4 Kf7 36. Rxg4 Kg6 37. Kg3 Kf5 38. Nd4+ Bxd4 39. Rxd4 Rc2 40. b5 Ke5 41. Rd5+ Kf6 42. Rd4 Ke5 43. Rd5+ 1/2-1/2

[Event "FIDE World Rapid-ch Open 2018"]
[White "Roiz, Michael"]
[Black "Motylev, Alexander"]
[Site "St. Petersburg"]
[Round "5.21"]
[Annotator "RC"]
[Result "1/2-1/2"]
[Date "2018.12.26"]
[WhiteElo "2605"]
[BlackElo "2644"]
[PlyCount "39"]
[TimeControl "900+10"]

1. Nf3 d5 2. d4 Nf6 3. c4 c6 4. Qb3 a6 5. Bg5 dxc4 6. Qxc4 Ne4 7. Bf4 Qa5+ 8. Nbd2 Nd7 9. Qc2 Ndf6 10. e3 Bg4 11. Bd3 Bxf3 12. gxf3 Nxd2 13. Qxd2 Qxd2+ 14. Kxd2 e6 15. Ke2 Nh5 16. Be5 Kd7 17. Rag1 f6 18. Bg3 Be7 19. h4 g6 20. Bh2 1/2-1/2

[Event "FIDE World Rapid-ch Open 2018"]
[White "Bosiocic, Marin"]
[Black "Matlakov, Maxim"]
[Site "St. Petersburg"]
[Round "5.22"]
[Annotator "RC"]
[Result "1-0"]
[Date "2018.12.26"]
[WhiteElo "2599"]
[BlackElo "2700"]
[PlyCount "79"]
[TimeControl "900+10"]

1. e4 e5 2. Nf3 Nc6 3. Bc4 Nf6 4. Ng5 d5 5. exd5 Na5 6. Bb5+ c6 7. dxc6 bxc6 8. Bd3 Nd5 9. h4 Be7 10. Qf3 f5 11. Bxf5 Rf8 12. Qh5+ g6 13. Bxg6+ hxg6 14. Qxg6+ Kd7 15. Qe6+ Kc7 16. Qxe5+ Kb7 17. Qg7 Nf4 18. d3 Nxg2+ 19. Kf1 Nf4 20. Bxf4 Rxf4 21. Nc3 c5 22. Nce4 Kb6 23. Qh6+ Nc6 24. Ne6 Bxe6 25. Qxf4 Qd7 26. Qe3 Nd4 27. Rc1 Rf8 28. b4 Bg4 29. bxc5+ Ka6 30. c3 Nf5 31. Qf4 Qxd3+ 32. Kg1 Rg8 33. Ng5 Bf3 34. Qa4+ Kb7 35. Qb3+ Kc7 36. Qxg8 Bxh1 37. Kxh1 Nxh4 38. Ne6+ Kd7 39. c6+ Kd6 40. Qg3+ 1-0

[Event "FIDE World Rapid-ch Open 2018"]
[White "Vallejo Pons, Francisco"]
[Black "Zhigalko, Sergei"]
[Site "St. Petersburg"]
[Round "5.25"]
[Annotator "RC"]
[Result "0-1"]
[Date "2018.12.26"]
[WhiteElo "2695"]
[BlackElo "2604"]
[PlyCount "78"]
[TimeControl "900+10"]

1. e4 c5 2. Nf3 Nc6 3. Nc3 Nf6 4. Bb5 Qc7 5. 0-0 Nd4 6. Ba4 a6 7. Nxd4 cxd4 8. Nd5 Nxd5 9. exd5 b5 10. Bb3 Bb7 11. Re1 e6 12. d3 Bd6 13. Qh5 Qc5 14. c3 g6 15. Qh4 Be7 16. Qxd4 Qxd4 17. cxd4 Bb4 18. Re4 Bd6 19. dxe6 dxe6 20. d5 0-0-0 21. Bf4 Bxd5 22. Bxd5 exd5 23. Rd4 Rhe8 24. Rc1+ Kb7 25. Bxd6 Rxd6 26. Kf1 Rc6 27. Rxc6 Kxc6 28. Rf4 f5 29. g4 fxg4 30. b4 Kd6 31. Rxg4 Rc8 32. Rg3 Ke5 33. Rh3 Kd4 34. Rxh7 Kxd3 35. Rd7 d4 36. Rd6 g5 37. Rxa6 Kc2 38. a4 d3 39. axb5 d2 0-1

[Event "FIDE World Rapid-ch Open 2018"]
[White "Salgado Lopez, Ivan"]
[Black "Jobava, Baadur"]
[Site "St. Petersburg"]
[Round "5.26"]
[Annotator "RC"]
[Result "1/2-1/2"]
[Date "2018.12.26"]
[WhiteElo "2629"]
[BlackElo "2627"]
[PlyCount "21"]
[TimeControl "900+10"]

1. e4 e5 2. Nf3 Nf6 3. Nxe5 d6 4. Nf3 Nxe4 5. Qe2 Qe7 6. d3 Nf6 7. Nc3 Nc6 8. Bg5 Qxe2+ 9. Bxe2 Be7 10. 0-0-0 0-0 11. Rhe1 1/2-1/2

[Event "FIDE World Rapid-ch Open 2018"]
[White "Cheparinov, Ivan"]
[Black "Antipov, Mikhail Al."]
[Site "St. Petersburg"]
[Round "5.27"]
[Annotator "RC"]
[Result "1/2-1/2"]
[Date "2018.12.26"]
[WhiteElo "2709"]
[BlackElo "2589"]
[PlyCount "92"]
[TimeControl "900+10"]

1. Nf3 Nf6 2. c4 c6 3. d4 d5 4. g3 Bf5 5. Nc3 e6 6. Nh4 Bg4 7. h3 Bh5 8. Qb3 Qb6 9. g4 Bg6 10. Nxg6 hxg6 11. Bg2 Nbd7 12. Bf4 Be7 13. c5 Qa6 14. 0-0 b6 15. cxb6 axb6 16. e4 0-0 17. exd5 Nxd5 18. Nxd5 cxd5 19. Rfc1 Rfc8 20. Bf1 Qa7 21. Bb5 g5 22. Be3 Nf8 23. a4 Ng6 24. Rc3 Nf4 25. h4 g6 26. Rac1 Rxc3 27. Qxc3 Bd6 28. Qd2 Qe7 29. Rc6 Kg7 30. Rxd6 Qxd6 31. hxg5 Nh3+ 32. Kg2 Rh8 33. b4 f6 34. gxf6+ Kxf6 35. a5 bxa5 36. bxa5 g5 37. a6 Qa3 38. Bd3 Qa1 39. Bxg5+ Kf7 40. Bf1 Nxg5 41. Qf4+ Kg6 42. Bd3+ Ne4 43. Bxe4+ dxe4 44. Qxe4+ Kf7 45. Qf4+ Kg6 46. Qe4+ Kf7 1/2-1/2

[Event "FIDE World Rapid-ch Open 2018"]
[White "Postny, Evgeny"]
[Black "Morozevich, Alexander"]
[Site "St. Petersburg"]
[Round "5.28"]
[Annotator "RC"]
[Result "1/2-1/2"]
[Date "2018.12.26"]
[WhiteElo "2615"]
[BlackElo "2656"]
[PlyCount "97"]
[TimeControl "900+10"]

1. d4 Nf6 2. c4 c5 3. d5 g6 4. Nc3 Bg7 5. e4 0-0 6. Nf3 d6 7. h3 e6 8. Bd3 exd5 9. exd5 Re8+ 10. Be3 Rxe3+ 11. fxe3 Qe7 12. 0-0 Nbd7 13. Qd2 b6 14. Rae1 Ba6 15. b3 Ne5 16. Nxe5 Qxe5 17. Nd1 Re8 18. Rf3 Qe7 19. Ref1 Rf8 20. Kh1 Nd7 21. Be2 Ne5 22. R3f2 Bc8 23. e4 h5 24. Nb2 Nd7 25. Bf3 Bd4 26. Re2 Ne5 27. Nd3 Nxd3 28. Qxd3 Qh4 29. Rd2 f5 30. Rdd1 Be5 31. Be2 f4 32. Qf3 Kg7 33. a3 Qe7 34. b4 g5 35. g4 hxg4 36. hxg4 Rh8+ 37. Kg2 Rh4 38. bxc5 bxc5 39. Rh1 Bxg4 40. Qxg4 Rxg4+ 41. Bxg4 Qe8 42. Rb1 f3+ 43. Kxf3 Qa4 44. Rb7+ Kf8 45. Rb8+ Kg7 46. Rb7+ Kf8 47. Rb8+ Kg7 48. Rb7+ Kf8 49. Rb8+ 1/2-1/2

[Event "FIDE World Rapid-ch Open 2018"]
[White "Amonatov, Farrukh"]
[Black "Frolyanov, Dmitry"]
[Site "St. Petersburg"]
[Round "5.29"]
[Annotator "RC"]
[Result "0-1"]
[Date "2018.12.26"]
[WhiteElo "2614"]
[BlackElo "2517"]
[PlyCount "56"]
[TimeControl "900+10"]

1. e4 c5 2. Nc3 Nc6 3. Bb5 Nd4 4. Nf3 e6 5. 0-0 a6 6. Bd3 Nc6 7. b3 d6 8. Bb2 Nf6 9. Re1 Be7 10. e5 dxe5 11. Nxe5 Nxe5 12. Rxe5 Bd7 13. Qf3 Bc6 14. Qh3 Qc7 15. Rae1 0-0-0 16. a4 h5 17. Ba3 Bd6 18. Rg5 Ng4 19. Bxc5 Bxh2+ 20. Kf1 Bf4 21. Rxh5 Rxh5 22. Qxh5 Nf6 23. Qd1 Rh8 24. Be3 Qe5 25. f3 Rh1+ 26. Ke2 Rh2 27. Rh1 Bxe3 28. dxe3 Bxf3+ 0-1

[Event "FIDE World Rapid-ch Open 2018"]
[White "Tsydypov, Zhamsaran"]
[Black "Petrosian, Tigran L."]
[Site "St. Petersburg"]
[Round "5.31"]
[Annotator "ChessBase"]
[Result "0-1"]
[Date "2018.12.26"]
[WhiteElo "2529"]
[BlackElo "2598"]
[PlyCount "50"]
[TimeControl "900+10"]

1. e4 g6 2. d4 Bg7 3. Nf3 d6 4. Bc4 Nf6 5. Qe2 0-0 6. e5 dxe5 7. dxe5 Nd5 8. h3 Nb6 9. Bb3 a5 10. a3 a4 11. Ba2 Nc6 12. 0-0 Nd4 13. Nxd4 Qxd4 14. Re1 Ra5 15. e6 Bxe6 16. c3 Qd6 17. Bxe6 Qxe6 18. Qxe6 fxe6 19. Rxe6 Rd8 20. Nd2 Bh6 21. Nf1 Rd1 22. Bxh6 Rxa1 23. Rxe7 Rh5 24. Bd2 Rd5 25. Bh6 Rd7 0-1

[Event "FIDE World Rapid-ch Open 2018"]
[White "Jumabayev, Rinat"]
[Black "Dreev, Aleksey"]
[Site "St. Petersburg"]
[Round "5.32"]
[Annotator "RC"]
[Result "1-0"]
[Date "2018.12.26"]
[WhiteElo "2602"]
[BlackElo "2670"]
[PlyCount "177"]
[TimeControl "900+10"]

1. e4 c6 2. d4 d5 3. exd5 cxd5 4. Bd3 Nc6 5. c3 Qc7 6. h3 g6 7. Nf3 Bg7 8. 0-0 Nh6 9. Re1 0-0 10. Na3 a6 11. Nc2 Bf5 12. Ne3 Bxd3 13. Qxd3 Rad8 14. a4 Qd7 15. Bd2 Rfe8 16. a5 Nf5 17. Nxf5 Qxf5 18. Qxf5 gxf5 19. Bf4 h5 20. Bc7 Rc8 21. Bb6 e6 22. Re2 Nb8 23. Bc5 Nd7 24. Bb4 f6 25. Ne1 Kf7 26. Nd3 Bh6 27. Rae1 Rc6 28. h4 Rg8 29. f3 Re8 30. Kf2 Rc4 31. Bd6 Rcc8 32. Bg3 Rc4 33. Bd6 Rcc8 34. Kf1 Rc6 35. Bg3 Rc4 36. Nb4 Rcc8 37. Bd6 Nf8 38. Kf2 Ng6 39. Nd3 Rc6 40. Bh2 Bf8 41. Bf4 Rc4 42. g3 Rc6 43. Ra1 Rc4 44. Bd2 e5 45. Rae1 Bd6 46. f4 e4 47. Nc1 Ne7 48. Nb3 Rcc8 49. Na1 Nc6 50. Nb3 Rg8 51. Ra1 Rg7 52. Ree1 Rcg8 53. Rg1 Ke6 54. Be3 Rb8 55. Ra2 Nd8 56. Nd2 Rc7 57. Ke2 Nf7 58. Rc1 Rbc8 59. Nf1 Be7 60. Bd2 Nd6 61. Ne3 Rg8 62. Be1 Rgc8 63. Kd1 Bd8 64. Ra4 Rc6 65. b3 Nb5 66. c4 Kf7 67. Nxf5 Kg6 68. Ne3 Nxd4 69. f5+ Nxf5 70. Nxd5 Bc7 71. Ke2 Bd6 72. Rd1 Re8 73. Bf2 e3 74. Be1 Bxg3 75. Rb4 Re4 76. Bxg3 Nxg3+ 77. Kf3 e2 78. Re1 Rce6 79. Kxg3 Kf5 80. Kf3 Rxh4 81. Rxe2 Rh3+ 82. Kg2 Rxe2+ 83. Kxh3 Ra2 84. Rxb7 Rxa5 85. Rb6 Ke5 86. Nc7 Ra3 87. Nxa6 f5 88. c5 Kf4 89. c6 1-0

[Event "FIDE World Rapid-ch Open 2018"]
[White "Grachev, Boris"]
[Black "Gareyev, Timur"]
[Site "St. Petersburg"]
[Round "5.33"]
[Annotator "RC"]
[Result "1/2-1/2"]
[Date "2018.12.26"]
[WhiteElo "2626"]
[BlackElo "2569"]
[PlyCount "130"]
[TimeControl "900+10"]

1. Nf3 Nf6 2. c4 g6 3. Nc3 Bg7 4. g3 0-0 5. Bg2 c6 6. e4 d5 7. cxd5 cxd5 8. e5 Ne4 9. 0-0 Nc6 10. d4 Bf5 11. Nh4 Nxc3 12. bxc3 Bc8 13. Qb3 e6 14. Nf3 b6 15. h4 Ba6 16. Re1 h6 17. Qd1 Rc8 18. Nh2 Ne7 19. Bd2 Nf5 20. Ng4 Qe7 21. a4 Bc4 22. Bh3 Rc6 23. Qf3 h5 24. Ne3 Nxe3 25. Bxe3 Rfc8 26. Bg5 Qc7 27. Reb1 Ba6 28. Bd2 Qd8 29. Bf1 Bxf1 30. Kxf1 Rc4 31. Kg2 f5 32. exf6 Qxf6 33. Qxf6 Bxf6 34. a5 Bd8 35. a6 Bf6 36. Rb5 Kf7 37. Kf1 Ke7 38. Ke2 Kd7 39. Kd3 Kc6 40. Rb3 e5 41. dxe5 Bxe5 42. Re1 Kd6 43. f4 Bf6 44. Rg1 Ke6 45. g4 hxg4 46. Rxg4 Kf5 47. Rg2 R8c5 48. Rh2 d4 49. Rb4 b5 50. cxd4 Rd5 51. Rxc4 bxc4+ 52. Kxc4 Rxd4+ 53. Kb5 Rd3 54. Bb4 Rb3 55. Kc4 Rb1 56. h5 Ra1 57. Kb5 Rb1 58. Kc4 Ra1 59. hxg6 Rxa6 60. Rg2 Bg7 61. Rg5+ Kxf4 62. Bd2+ Ke4 63. Rg4+ Kf5 64. Rg5+ Ke4 65. Rg4+ Ke5 1/2-1/2

[Event "FIDE World Rapid-ch Open 2018"]
[White "Savchenko, Boris"]
[Black "Reshetnikov, Alexey"]
[Site "St. Petersburg"]
[Round "5.34"]
[Annotator "ChessBase"]
[Result "1-0"]
[Date "2018.12.26"]
[WhiteElo "2562"]
[BlackElo "2492"]
[PlyCount "58"]
[TimeControl "900+10"]

1. e4 e6 2. d4 d5 3. Nc3 dxe4 4. Nxe4 Bd7 5. Nf3 Bc6 6. Bd3 Nd7 7. c3 Ngf6 8. Nxf6+ Nxf6 9. Bf4 Bxf3 10. Qxf3 c6 11. Qh3 Bd6 12. Bg5 Qa5 13. Bxf6 gxf6 14. 0-0 Qg5 15. b4 h5 16. b5 Qg4 17. Qe3 cxb5 18. Bxb5+ Ke7 19. f4 Rac8 20. Be2 Qf5 21. c4 b6 22. a4 h4 23. a5 Rhd8 24. axb6 axb6 25. Rab1 Bc7 26. Rb5 Qc2 27. f5 Rxd4 28. Qxd4 Qxe2 29. fxe6 Rd8 1-0

[Event "FIDE World Rapid-ch Open 2018"]
[White "Indjic, Aleksandar"]
[Black "Bocharov, Ivan"]
[Site "St. Petersburg"]
[Round "5.35"]
[Annotator "RC"]
[Result "1/2-1/2"]
[Date "2018.12.26"]
[WhiteElo "2620"]
[BlackElo "2563"]
[PlyCount "78"]
[TimeControl "900+10"]

1. d4 d5 2. c4 c6 3. Nf3 Nf6 4. Nc3 dxc4 5. a4 Bf5 6. e3 e6 7. Bxc4 Bb4 8. 0-0 Nbd7 9. h3 Ne4 10. Bd3 Ndf6 11. Qc2 Nxc3 12. bxc3 Bxd3 13. Qxd3 Be7 14. e4 0-0 15. c4 Qc7 16. e5 Nd7 17. Bg5 Rfe8 18. Bxe7 Rxe7 19. Ng5 f5 20. f4 Rd8 21. Qc3 Nf8 22. Rfd1 h6 23. Nf3 Ng6 24. g3 Red7 25. c5 Ne7 26. a5 Nd5 27. Qb3 Kh8 28. Kf2 a6 29. h4 Rg8 30. h5 Qd8 31. Rh1 g5 32. hxg6 Rxg6 33. Rh3 Kg8 34. Nd2 Rdg7 35. Nf3 Kf8 36. Ra2 Ke8 37. Ra1 Kf8 38. Ra2 Ke8 39. Ra1 Kf8 1/2-1/2

[Event "FIDE World Rapid-ch Open 2018"]
[White "Hovhannisyan, Robert"]
[Black "Najer, Evgeniy"]
[Site "St. Petersburg"]
[Round "5.36"]
[Annotator "RC"]
[Result "1-0"]
[Date "2018.12.26"]
[WhiteElo "2637"]
[BlackElo "2670"]
[PlyCount "73"]
[TimeControl "900+10"]

1. e4 c5 2. Nf3 d6 3. d4 cxd4 4. Nxd4 Nf6 5. Nc3 a6 6. Be2 e5 7. Nf3 Be7 8. Bg5 0-0 9. Bxf6 Bxf6 10. Nd5 Nd7 11. 0-0 Nc5 12. Nd2 Bg5 13. b4 Bxd2 14. bxc5 Ba5 15. cxd6 Qxd6 16. Rb1 Rd8 17. Rb3 Qc5 18. c4 Rb8 19. Bg4 Be6 20. Rg3 Bxd5 21. cxd5 Bb6 22. Qd2 Qe7 23. Rb3 Rd6 24. g3 g6 25. h4 Bd4 26. Kg2 Rf8 27. Rf3 Rb6 28. h5 Kg7 29. Rh1 g5 30. h6+ Kh8 31. Rh5 Rg8 32. Qc1 Rd6 33. Rf5 f6 34. Rf3 b6 35. Be6 Rf8 36. Rxg5 fxg5 37. Qxg5 1-0

[Event "FIDE World Rapid-ch Open 2018"]
[White "Alekseev, Evgeny"]
[Black "Usmanov, Vasily"]
[Site "St. Petersburg"]
[Round "5.37"]
[Annotator "RC"]
[Result "1-0"]
[Date "2018.12.26"]
[WhiteElo "2639"]
[BlackElo "2450"]
[PlyCount "139"]
[TimeControl "900+10"]

1. Nf3 d5 2. e3 c5 3. c4 d4 4. exd4 cxd4 5. b4 f6 6. c5 e5 7. Bc4 a5 8. Qb3 Nh6 9. d3 axb4 10. Bxh6 gxh6 11. Nbd2 Nc6 12. Ne4 Ra3 13. Qd1 f5 14. Ng3 Qf6 15. 0-0 Bxc5 16. Re1 Kd8 17. Bb3 Re8 18. Nd2 b6 19. Rc1 Ra7 20. Nc4 Rae7 21. Qf3 Qg6 22. Ba4 e4 23. Qf4 Bd7 24. Bxc6 Qxc6 25. Nxf5 Bxf5 26. Qxf5 exd3 27. Rxe7 Rxe7 28. Qxd3 Qe4 29. Nb2 Qe2 30. Qb1 Qe4 31. Nd3 Rg7 32. g3 Re7 33. Qb3 Qe6 34. Qa4 Rc7 35. Re1 Qc6 36. Qb3 Kc8 37. Re6 Qb5 38. Re5 Kb8 39. h4 Qd7 40. Re6 Qf7 41. Ne5 Qf8 42. Qd5 d3 43. Nxd3 Ka7 44. Qe4 Qa8 45. Qe5 Qd8 46. Qe4 Qd4 47. Qxd4 Bxd4 48. Nxb4 Rc1+ 49. Kg2 Kb7 50. Rxh6 Rd1 51. Rxh7+ Kc8 52. Rf7 Rd2 53. h5 Bc5 54. a3 Rd6 55. g4 Kd8 56. g5 Ke8 57. Rf5 Rd4 58. h6 Rh4 59. f4 Kd7 60. Kg3 Rh1 61. Rf7+ Ke8 62. Rf6 Bd4 63. Re6+ Kf7 64. Rc6 Bc5 65. Kg4 Ra1 66. g6+ Ke7 67. g7 Rg1+ 68. Kf5 Bd4 69. Rg6 Kf7 70. g8=Q+ 1-0